AoeStats
← TIMVP

Nomad

508562447Analyzed
2v2 RM · 10d ago on Sep 23, 2026· 47m 40s· 4 players
Game mode
Random Map
Map size
176×176
Population
200
Speed
Normal
Resources
Standard
Victory
Conquest
Starting age
Dark Age
Ending age
Imperial Age
RankedLock teamsTeams togetherTeam positionsShared explorationLock speedFull tech treeHidden civsTurbo modeCheats
Victory
Defeat
🇧🇷 Saxons · Brazil
723
+16
🇯🇵 Malay · Japan
720
+16
🇵🇪 Huns · Peru
732
-16
🇵🇪 Maya · Peru
721
-16
izumi_pinko
13:25 Feudal Age
13:17 Double-Bit Axe
14:14 Wheelbarrow
15:42 Horse Collar
24:23 Castle Age
23:03 Scale Barding Armor
23:41 Town Watch
24:24 Bow Saw
26:29 Husbandry
27:57 Forging
28:53 Hand Cart
29:18 Heavy Plow
30:39 Stone Mining
30:41 Gold Mining
37:20 Fletching
38:36 Bodkin Arrow
39:16 Iron Casting
39:58 Gold Shaft Mining
43:20 Imperial Age
42:28 Elite Battle Elephant
44:48 Crop Rotation
danielcfelipe
13:15 Feudal Age
13:46 Loom
20:15 Castle Age
18:20 Scale Mail Armor
18:20 Double-Bit Axe
19:42 Stone Mining
19:19 Man-at-Arms
20:37 Horse Collar
24:11 Squires
25:50 Fishing Lines
28:28 Pikeman
30:32 Arson
31:31 Gold Mining
31:42 Gillnets
33:11 Town Watch
33:50 Forging
33:39 Gambesons
34:59 Wheelbarrow
38:42 Imperial Age
36:42 Chain Mail Armor
37:38 Iron Casting
38:56 Bow Saw
38:54 Fletching
38:57 Halberdier
40:10 Conscription
41:43 Chemistry
40:42 Bodkin Arrow
40:34 Treadmill Crane
41:03 Shield Wall
42:57 Hand Cart
43:31 Padded Archer Armor
44:01 Ballistics
44:50 Gold Shaft Mining
43:56 Long Swordsman
45:30 Masonry
45:00 Elite Hearth Troop
45:05 Clerical Recruitment
47:48 Plate Mail Armor
47:32 Two-Handed Swordsman
A†ilA
15:58 Feudal Age
16:28 Fishing Lines
17:16 Double-Bit Axe
18:33 Wheelbarrow
21:38 Castle Age
24:00 Hand Cart
33:25 Imperial Age
31:28 Gillnets
36:47 Eagle Warrior
41:28 Thumb Ring
40:46 Crossbowman
42:02 Squires
41:22 Pikeman
42:59 Elite Eagle Warrior
44:30 Arbalester
46:52 Elite Skirmisher
TIMVP
13:42 Loom
15:54 Feudal Age
17:25 Wheelbarrow
17:15 Double-Bit Axe
17:38 Fishing Lines
21:18 Scale Barding Armor
22:00 Forging
25:31 Castle Age
23:57 Gold Mining
26:51 Husbandry
27:24 Gillnets
29:39 Stone Mining
35:08 Chain Barding Armor
37:22 Iron Casting
37:09 Hand Cart
37:23 Hand Cart
40:55 Imperial Age
41:47 Marauders
42:44 Cavalier
45:13 Paladin
46:39 Light Cavalry
47:29 Bloodlines
Connection lost

Rejoining the realm…

Still unreachable

The connection could not be restored.

Session expired

The server has moved on; the page needs a fresh start.